 Dungeon Crawl Stone Soup version 0.17-a0-2055-gb4e23be (webtiles) character file.

130 maniek23 the Sneak (level 4, -4/31 HPs)
             Began as a Vampire Enchanter on Oct 11, 2015.
             Shot with a stone by a goblin (5 damage)
             ... led by Robin
             ... on level 4 of the Dungeon.
             The game lasted 00:07:08 (1974 turns).

maniek23 the Sneak (Vampire Enchanter)              Turns: 1974, Time: 00:07:08

Health: -4/31      AC:  4    Str:  8    XL:     4   Next: 90%
Magic:  1/7        EV: 13    Int: 17    God:
Gold:   175        SH:  0    Dex: 14    Spells: 3 memorised, 2 levels left

rFire  . . .     SeeInvis +     a - +1 dagger
rCold  . . .     Clarity  .     b - +1 robe
rNeg   . . .     SustAt   .     (no shield)
rPois  .         Gourm    .     (no helmet)
rElec  .         Spirit   .     (no cloak)
rCorr  .         Warding  .     k - +0 pair of gloves
rMut   .         Stasis   .     (no boots)
MR     .....                    (no amulet)
Stlth  ++........               (no ring)
                                h - ring of loudness (curse)

@: regenerating quickly, not resistant to hostile enchantments, unstealthy
A: fangs 3, see invisible, unbreathing
a: no special abilities


You were on level 4 of the Dungeon.
You were full.

You visited 1 branch of the dungeon, and saw 3 of its levels.

You collected 175 gold pieces.

Inventory:

Hand Weapons
 a - a +1 dagger (weapon)
 f - a cursed -1 dagger
Armour
 b - a +1 robe (worn)
 k - a +0 pair of gloves (worn)
 o - a +0 buckler
Jewellery
 h - a cursed ring of loudness (left hand)
Scrolls
 g - 2 scrolls of identify {unknown}
 i - a scroll of teleportation {unknown}
 p - a scroll of enchant armour {unknown}
Potions
 d - 9 potions of blood
 e - a potion of lignification {unknown}
 j - a potion of curing {unknown}
 l - 2 potions of poison {unknown}
 m - 2 potions of heal wounds {unknown}
 n - 2 potions of haste {unknown}
Books
 c - a book of Maledictions

   Spells                             Type                      Level
   a - Corona                         Hexes                        1
   b - Ensorcelled Hibernation        Hexes/Ice                    2
   c - Confuse                        Hexes                        3
   d - Tukima's Dance                 Hexes                        3
   e - Dazzling Spray                 Conjuration/Hexes            3


   Skills:
 - Level 0.3 Fighting
 * Level 2.6 Short Blades
 + Level 3.1 Dodging
 + Level 5.5 Stealth
 + Level 2.6 Spellcasting
 + Level 5.2 Hexes


You had 2 spell levels left.
You knew the following spells:

 Your Spells              Type           Power        Failure   Level  Hunger
a - Corona                Hex            ###....      2%          1    #......
b - Ensorcelled Hibernat  Hex/Ice        ##....       12%         2    ##.....
c - Confuse               Hex            ###.....     10%         3    ###....


Dungeon Overview and Level Annotations

Branches:
Dungeon (4/15)
 Temple: D:4-7

Altars:
Vehumet
Yredelemnul

Annotations:
D:4 Robin


Innate Abilities, Weirdness & Mutations

Your natural rate of healing is unusually fast.
You have razor-sharp teeth.
You have supernaturally acute eyesight.
You can survive without breathing.


Message History

Casting: Confuse
Confirm with . or Enter, or press ? or * to list all spells.
Aiming: Ensorcelled Hibernation
Press: ? - help, Shift-Dir - straight line, f/p - Robin
Aim: Robin, wielding a club, wearing an animal skin and wearing a fine helmet (chance to defeat MR: 50%) Robin is unaffected.
You hit Robin but do no damage. Robin hits you with a club.
You barely miss Robin. Robin hits you but does no damage.
You hit Robin but do no damage. Robin hits you with a club.
* * * LOW HITPOINT WARNING * * *
Robin closely misses you.
You open the door.
The goblin shouts!
The goblin unwields an uncursed dagger.
The goblin wields a hunting sling.
The goblin shoots a stone.
The stone hits you.
* * * LOW HITPOINT WARNING * * *
There is an open door here.
You see here a stone.
The goblin shoots a stone.
The stone hits you.
You die... ....... ......... #. ......... #.#####......# g.... #.#...#....g.# gg...

#.#...#......# .....
##.##..#......#
#........
+...#..g......#
#..gg....
#....#@.....#
...g....
#)####......# .......
#.#....!....# .g
#.#.........### #g
#.†.........'†#.##.##
########
###.........#.#....†#
.......#
#.........#[#####.##
.......#
###########g).g.g..#
.......#
##.###########.##


You could see Robin and a goblin.

Vanquished Creatures
  A hound (D:4)
  3 adders
  An ooze (D:2)
  2 worms (D:2)
  3 giant geckos
  An orc (D:4)
  3 giant cockroaches
  18 goblins
  5 hobgoblins
  7 kobolds
  3 ball pythons
  9 bats
  2 giant newts
  A jackal skeleton (D:4)
  6 rats
65 creatures vanquished.

Notes
Turn   | Place    | Note
--------------------------------------------------------------
     0 | D:1      | maniek23 the Vampire Enchanter began the quest for the Orb.
     0 | D:1      | Reached XP level 1. HP: 13/13 MP: 3/3
   169 | D:1      | Reached XP level 2. HP: 19/19 MP: 5/5
   197 | D:1      | Learned a level 2 spell: Ensorcelled Hibernation
   282 | D:1      | Reached skill level 5 in Stealth
   692 | D:1      | Reached XP level 3. HP: 25/25 MP: 6/6
   996 | D:2      | Found a basalt altar of Yredelemnul.
  1075 | D:2      | Found a radiant altar of Vehumet.
  1140 | D:2      | Reached XP level 4. HP: 31/31 MP: 7/7
  1290 | D:2      | Learned a level 3 spell: Confuse
  1562 | D:2      | You fall through a shaft for 2 floors!
  1662 | D:4      | Reached skill level 5 in Hexes
  1860 | D:4      | Noticed Robin
  1973 | D:4      | HP: 1/31 [goblin/stone[Robin] (5)]
  1974 | D:4      | Shot with a stone by a goblin

Vault maps used:
D:1:      dpeg_arrival_rhombi
D:2:      yredelemnul_altar_generic, fiery_altar_vehumet,
          uniq_crazy_yiuf_cottage
D:4:      first_bread, lightli_minifort, uniq_robin

Action                   |  1- 3 |  4- 6 || total
-------------------------+-------+-------++-------
Melee: Dagger            |   153 |    87 ||   240
 Cast: Ensorcelled Hiber |     3 |    13 ||    16
       Confuse           |       |     2 ||     2
 Stab: Sleeping          |     9 |     6 ||    15
  Eat: Corpse            |    13 |     2 ||    15
